 Dungeon Crawl Stone Soup version 0.30-a0-782-ge64f9170bb (webtiles) character file.

Game seed: 12039237177122330142

9727 Leeroy the Fencer (level 11, 0/50 HPs)
             Began as a Vine Stalker Warper on Feb 19, 2023.
             Was an Elder of Wu Jian.
             Slain by a kobold brigand
             ... wielding a +0 whip
              (4 damage)
             ... on level 10 of the Dungeon.
             The game lasted 00:18:50 (9950 turns).

Leeroy the Fencer (Vine Stalker Warper)             Turns: 9950, Time: 00:18:50

Health: 0/50       AC:  5    Str: 15    XL:     11   Next: 51%
Magic:  0/18       EV: 12    Int: 13    God:    Wu Jian [****..]
Gold:   633        SH:  0    Dex: 17    Spells: 0/18 levels left

rFire   + . .      SeeInvis .    V - +3 scimitar (flame)
rCold   . . .      Faith    .    (no shield)
rNeg    . . .      Spirit   +    b - +0 leather armour
rPois   .          Reflect  .    Z - +1 helmet "Luulus" {Slay+2}
rElec   .          Harm     .    Y - +0 cloak
rCorr   .          Rampage  +    (no gloves)
Will    +....                    M - +2 pair of boots {rampage}
Stlth   +                        N - amulet of regeneration
HPRegen 1.88/turn                F - +4 ring of protection
MPRegen 0.16/turn                L - ring of protection from fire

@: corroded, very slightly contaminated
A: fangs 3, regeneration 1, magic shield, antimagic bite, no potion heal 2
a: Renounce Religion, Wall Jump, Serpent's Lash


You were on level 10 of the Dungeon.
You worshipped Wu Jian.
Wu Jian was greatly pleased with you.
You visited 2 branches of the dungeon, and saw 12 of its levels.
You also visited: Ossuary.

You collected 859 gold pieces.
You spent 226 gold pieces at shops.

Inventory:

Hand Weapons
 y - a +1 short sword of speed
 A - the +11 sling "Seyhaez" {flame, Int+3}
   (You found it on level 4 of the Dungeon)

   Int:       It affects your intelligence (+3).
 B - a +2 long sword of venom
 E - a +5 heavy great sword
 U - a +7 long sword of protection
 V - a +3 scimitar of flaming (weapon)
Missiles
 d - 7 boomerangs of dispersal (quivered)
 v - 29 poisoned darts
 G - a silver boomerang
 H - 2 throwing nets
 P - a curare-tipped dart
Armour
 b - a +0 leather armour (worn)
 M - a +2 pair of boots of rampaging (worn)
 Y - a +0 cloak (worn)
 Z - the +1 helmet "Luulus" (worn) {Slay+2}
   (You found it on level 8 of the Dungeon)

   Slay:      It affects your accuracy & damage with ranged weapons and melee
   (+2).
Jewellery
 z - a ring of fire
 D - a ring of protection from cold
 F - a +4 ring of protection (left hand)
 L - a ring of protection from fire (right hand)
 N - an amulet of regeneration (around neck)
 X - a +6 ring of intelligence
Wands
 c - a wand of mindburst (10)
 J - a wand of flame (39)
 Q - a wand of digging (2)
 S - a wand of polymorph (4)
 T - a wand of acid (15)
Scrolls
 a - 2 scrolls of brand weapon
 e - 3 scrolls of enchant armour
 i - 4 scrolls of vulnerability
 k - 3 scrolls of poison {unknown}
 m - 11 scrolls of teleportation {unknown}
 n - 3 scrolls of magic mapping {unknown}
 p - a scroll of silence {unknown}
 t - 2 scrolls of amnesia {unknown}
 u - 2 scrolls of fear {unknown}
 x - 3 scrolls of enchant weapon {unknown}
 W - a scroll of summoning
Potions
 g - 5 potions of heal wounds {unknown}
 h - 2 potions of flight {unknown}
 j - 7 potions of attraction {unknown}
 l - 8 potions of curing {unknown}
 o - 2 potions of berserk rage {unknown}
 q - 2 potions of ambrosia {unknown}
 r - 3 potions of haste {unknown}
 s - 7 potions of degeneration {unknown}
 w - 5 potions of might {unknown}
 I - 3 potions of lignification {unknown}
 K - 3 potions of magic {unknown}
 O - a potion of cancellation {unknown}
 R - 2 potions of mutation {unknown}
Miscellaneous
 f - a phial of floods


   Skills:
 - Level 1.7 Fighting
 + Level 15.7 Long Blades
 - Level 0.8 Throwing
 - Level 0.7 Armour
 - Level 1.5 Dodging
 - Level 4.1 Spellcasting
 - Level 3.0 Translocations


You couldn't memorise any spells.
You knew the following spells:

 Your Spells              Type           Power      Damage    Failure   Level
a - Blink                 Tloc           20%        N/A       11%         2
b - Vhi's Electric Charg  Tloc/Air       12%        N/A       38%         3
c - Teleport Other        Tloc           10%        N/A       22%         3
d - Manifold Assault      Tloc           10%        N/A       58%         4
e - Gell's Gravitas       Tloc           10%        N/A       22%         3
f - Apportation           Tloc           20%        N/A       8%          1
g - Wereblood             Tmut           2%         N/A       36%         2

Your spell library contained the following spells:

 Spells                   Type           Power      Damage    Failure   Level
 Lesser Beckoning         Tloc           20%        N/A       11%         2
 Beastly Appendage        Tmut           4%         N/A       26%         1
 Necrotise                Necr           8%         1d4       26%         1
 Sting                    Tmut/Pois      8%         1d3       26%         1
 Summon Small Mammal      Summ           8%         N/A       26%         1
 Cigotuvi's Dreadful Rot  Necr/Pois/Air  4%         N/A       36%         2
 Ensorcelled Hibernation  Hex/Ice        4%         N/A       36%         2
 Poisonous Vapours        Pois/Air       4%         N/A       36%         2
 Static Discharge         Conj/Air       4%         2-3/arc   36%         2
 Kindle Blastsparks       Fire/Tloc/Air  10%        2d10      45%         3
 Ignite Poison            Fire/Tmut/Pois 2%         N/A       58%         3
 Mephitic Cloud           Conj/Pois/Air  2%         N/A       58%         3
 Spider Form              Tmut/Pois      2%         N/A       58%         3
 Anguish                  Hex/Necr       1%         N/A       94%         4
 Olgreb's Toxic Radiance  Pois           2%         N/A       94%         4
 Arcjolt                  Conj/Air       1%         1d11      100%        5
 Freezing Cloud           Conj/Ice/Air   1%         6-21      100%        5
 Lightning Bolt           Conj/Air       1%         1d12      100%        5


Dungeon Overview and Level Annotations

Branches:
Dungeon (11/15)            Temple (1/1) D:4            Lair (0/5) D:8
Ossuary (visited)
    Orc: D:9-12

Altars:
Ashenzari
Cheibriados
Dithmenos
Elyvilon
Fedhas
Gozag
Hepliaklqana
Kikubaaqudgha
Makhleb
Nemelex Xobeh
Okawaru
Qazlal
Ru
Sif Muna
Trog
Uskayaw
Vehumet
Wu Jian
Xom
Yredelemnul
Zin
The Shining One

Shops:
D:1 (   D:7 ?   D:9 (


Innate Abilities, Weirdness & Mutations

You have razor-sharp teeth.
Your natural rate of healing is unusually fast.
When hurt, damage is shared between your health and your magic reserves.
Your bite disrupts and absorbs the magic of your enemies.
Potions cannot restore your health.


Message History

* * * LOW HITPOINT WARNING * * *
The acid corrodes you!
As you read the scroll of fog, it crumbles to dust.
The scroll dissolves into smoke.
Found a stone staircase leading up.
Found a stone staircase leading down.
A kobold demonologist comes into view. It is wielding a +0 dagger.
The kobold demonologist shouts!
You hear a shout!
A kobold brigand comes into view.
It is wielding a +0 whip and quivering poisoned darts.
A kobold brigand comes into view.
It is wielding a +0 vampiric dagger and quivering poisoned darts.
The kobold brigand shouts!
A kobold comes into view.
It is wielding a +2 short sword of distortion.
A kobold demonologist comes into view. It is wielding a +0 dagger.
A kobold brigand comes into view.
It is wielding a +2 dagger of pain and quivering curare-tipped darts.
The kobold brigand shouts!
The kobold shouts!
The kobold brigand moves out of view.
The kobold brigand closely misses you.
There is a stone staircase leading up here.
The acid dragon spits acid at you. The splash of acid hits you!!
Ouch! That really hurt!
* * * LOW HITPOINT WARNING * * *
The kobold brigand hits you with a +0 whip.
* * * LOW HITPOINT WARNING * * *
The kobold demonologist hits you but does no damage.
The kobold brigand hits you but does no damage.
You hear two shouts!
You climb upwards.
There is a stone staircase leading down here.
Okay, then.
Casting: Blink (safe; 11% risk of failure)
Confirm with . or Enter, or press ? or * to list all spells.
You miscast Blink.
You are very lightly contaminated with residual magic.
Nothing appears to happen.
The kobold brigand hits you but does no damage.
The kobold demonologist hits you with a +0 dagger.
* * * LOW HITPOINT WARNING * * *
The kobold brigand hits you with a +0 whip.
You die...

.#######...# #...............
...........# #...............
####.......# #...............
#.......#######....###########
#..................#
#..................#
#..................#
#...........K......#
#............@.....#
###.........KK.....#
##################


You could see a kobold demonologist and 2 kobold brigands.

Vanquished Creatures
  2 two-headed ogres (D:10)
  Pikel (D:5)
  A komodo dragon (D:7)
  An efreet (D:7)
  A hornet (D:9)
  Prince Ribbit (D:7)
  Sigmund (D:6)
  6 yaks (D:10)
  Eustachio (D:6)
  2 steam dragons
  Grum (D:8)
  Menkaure (D:6)
  4 vampire mosquitoes (D:11)
  2 water moccasins
  3 orc warriors
  2 black bears (D:5)
  2 ice beasts (D:7)
  2 ogres (D:6)
  3 sky beasts
  3 wolves
  6 centaurs
  3 kobold brigands
  3 elf zombies (D:8)
  3 lemures (D:5)
  A bullfrog (D:7)
  6 scorpions
  2 necrophages
  9 wights
  3 killer bees (D:10)
  A howler monkey (D:6)
  A crimson imp (D:6)
  A human zombie (D:8)
  3 jellies
  9 orc priests
  Crazy Yiuf (D:7)
  2 gnoll boudas
  2 hounds
  Terence (D:2)
  A human skeleton (D:8)
  2 iguanas
  12 orc wizards
  8 mummies (Ossuary)
  11 adders
  7 gnolls
  A shadow imp (D:5)
  6 white imps
  2 ufetubi
  2 worms (D:2)
  3 dart slugs
  67 orcs
  5 bats
  12 endoplasms
  2 giant cockroaches (D:2)
  A gnoll zombie (Ossuary)
  2 goblins
  8 hobgoblins
  3 jackals (D:4)
  4 quokkas
  7 ball pythons
  A frilled lizard (D:1)
  A hobgoblin zombie (Ossuary)
  21 kobolds
  A kobold zombie (Ossuary)
  6 orc zombies
  3 rats
296 creatures vanquished.

Notes
Turn   | Place    | Note
-------+----------+-------------------------------------------
     0 | D:1      | Leeroy the Vine Stalker Warper began the quest for the Orb.
     0 | D:1      | Reached XP level 1. HP: 11/11 MP: 4/4
    43 | D:1      | Reached skill level 2 in Long Blades
    92 | D:1      | Found Pigyn's Weapon Shoppe.
   154 | D:1      | Reached XP level 2. HP: 15/15 MP: 6/6
   822 | D:2      | Reached skill level 3 in Long Blades
   833 | D:2      | Reached XP level 3. HP: 18/18 MP: 7/7
  1034 | D:2      | Learned a level 2 spell: Blink
  1038 | D:2      | Learned a level 3 spell: Vhi's Electric Charge
  1162 | D:2      | Noticed Terence
  1331 | D:2      | Gained mutation: Your natural rate of healing is unusually
                  | fast. [Vine Stalker growth]
  1331 | D:2      | Reached XP level 4. HP: 22/23 MP: 6/8
  1345 | D:2      | Reached skill level 4 in Long Blades
  1616 | D:3      | Found a sacrificial altar of Ru.
  1834 | D:3      | Reached XP level 5. HP: 26/26 MP: 9/9
  2354 | D:4      | Reached skill level 5 in Long Blades
  2401 | D:4      | Identified the +11 sling "Seyhaez" {flame, Int+3}
  2515 | D:4      | Reached XP level 6. HP: 30/30 MP: 10/12
  2531 | D:4      | Found a staircase to the Ecumenical Temple.
  2561 | Temple   | Entered the Ecumenical Temple
  2677 | Temple   | Became a worshipper of the Wu Jian Council
  3120 | D:1      | Bought a +2 long sword of venom for 226 gold pieces
  3165 | D:2      | Killed Terence
  3348 | D:5      | Entered Level 5 of the Dungeon
  3419 | D:5      | Noticed a black bear
  3423 | D:5      | Killed a black bear
  3424 | D:5      | Reached skill level 6 in Long Blades
  3424 | D:5      | Reached XP level 7. HP: 34/34 MP: 12/14
  3480 | D:5      | Learned a level 3 spell: Teleport Other
  3485 | D:5      | Learned a level 4 spell: Manifold Assault
  3645 | D:5      | Reached * piety under Wu Jian
  3663 | D:5      | Reached skill level 7 in Long Blades
  3728 | D:5      | Gained mutation: You have razor-sharp teeth. [Vine Stalker
                  | growth]
  3728 | D:5      | Reached XP level 8. HP: 21/38 MP: 8/15
  4197 | D:6      | Noticed Pikel
  4254 | D:5      | Killed Pikel
  4255 | D:5      | Reached skill level 9 in Long Blades
  4458 | D:6      | Reached XP level 9. HP: 15/42 MP: 3/16
  4595 | D:6      | Reached skill level 10 in Long Blades
  4661 | D:6      | Noticed Sigmund
  4668 | D:6      | Killed Sigmund
  4668 | D:6      | Reached ** piety under Wu Jian
  4901 | D:6      | Reached skill level 11 in Long Blades
  5298 | D:6      | Noticed Eustachio
  5341 | D:6      | Killed Eustachio
  5370 | D:6      | Noticed Menkaure
  5376 | D:6      | Killed Menkaure
  5651 | D:7      | Reached skill level 12 in Long Blades
  5662 | D:7      | Reached XP level 10. HP: 18/45 MP: 7/17
  5731 | D:7      | Reached *** piety under Wu Jian
  6011 | D:7      | Reached skill level 13 in Long Blades
  6140 | D:7      | Found The Oracle's Delphic Readings.
  6262 | D:7      | Noticed Prince Ribbit
  6278 | D:7      | Killed Prince Ribbit
  6436 | D:7      | Found a blossoming altar of Fedhas.
  6442 | D:7      | Found a shimmering altar of Xom.
  6454 | D:7      | Found a glowing golden altar of the Shining One.
  6454 | D:7      | Found a broken altar of Ashenzari.
  6457 | D:7      | Found an iron altar of Okawaru.
  6458 | D:7      | Found a stormy altar of Qazlal.
  6459 | D:7      | Found a burning altar of Makhleb.
  6598 | D:7      | Found a runed translucent door.
  6599 | D:7      | Noticed Crazy Yiuf
  6878 | D:7      | Killed Crazy Yiuf
  7197 | D:8      | Found a sand-covered staircase.
  7238 | Ossuary  | Entered an ossuary
  7475 | D:8      | Reached **** piety under Wu Jian
  7534 | D:8      | Noticed Grum
  7598 | D:7      | Reached skill level 14 in Long Blades
  7673 | D:7      | Learned a level 3 spell: Gell's Gravitas
  7676 | D:8      | Killed Grum
  7750 | D:8      | Learned a level 1 spell: Apportation
  7873 | D:8      | Identified the +1 helmet "Luulus" {Slay+2}
  8042 | D:8      | Found a staircase to the Lair.
  8275 | D:9      | Found Isio's Weapon Shop.
  8443 | D:9      | Reached XP level 11. HP: 50/50 MP: 18/18
  8957 | D:10     | Entered Level 10 of the Dungeon
  8991 | D:10     | Noticed a two-headed ogre
  8999 | D:9      | Paralysed by a hornet for 1 turns
  9023 | D:10     | Killed a two-headed ogre
  9024 | D:10     | Reached skill level 15 in Long Blades
  9126 | D:10     | Noticed a two-headed ogre
  9194 | D:10     | Killed a two-headed ogre
  9789 | D:10     | Learned a level 2 spell: Wereblood
  9948 | D:11     | HP: 2/50 [kobold brigand/+0 whip (6)]
  9950 | D:10     | Slain by a kobold brigand

Illustrated notes

Levels and vault maps discovered:
D:1:      giann_forest_graveyard, layout_loops_ring, serial_shops, shop
D:2:      layout_loops_cross, uniq_terence
D:3:      layout_basic, old_standard_altar
D:4:      layout_cave_pools, minmay_temple_entry_grid
D:5:      layout_loops_ring, st_stairs_8, kennysheep_generic_room_14
D:6:      kb_forest_paths, layout_rooms, minmay_fire_ice_demons, uniq_eustachio,
          uniq_pikel, uniq_menkaure, uniq_sigmund
D:7:      nzn_winding_woodlands_three_and_one [nzn_winding_woodlands_5x15_eye,
          nzn_winding_woodlands_5x15_split_checker,
          nzn_winding_woodlands_5x15_default,
          nzn_winding_woodlands_center_diamonds], layout_basic, minitemple,
          serial_aquarium, aquarium_bridge_straight [aquarium_subvault_bridge,
          aquarium_subvault_window, aquarium_subvault_bridge,
          aquarium_subvault_wall], aquarium_bridge_square
          [aquarium_subvault_bridge, aquarium_subvault_wall,
          aquarium_subvault_window, aquarium_subvault_window],
          aquarium_window_fake, aquarium_window_2, aquarium_window_3,
          aquarium_window_fake, aquarium_view_2f, aquarium_pool_side,
          nicolae_nh_oracle_at_delphi, uniq_prince_ribbit1,
          uniq_crazy_yiuf_cottage
D:8:      layout_gridville, lair_entry_dummy, nicolae_ossuary_entry_catacombs,
          uniq_grum
D:9:      layout_irregular_city, serial_shops, nicolae_shop_bloodbath_and_beyond
D:10:     layout_irregular_city
D:11:     layout_stronghold, serial_undead, serial_undead_a, serial_undead_d,
          serial_undead_a, serial_undead_e, nzn_makhleb_speed_demon
Temple:   compressed_dpeg_circular_temple

Skill      XL: |  1  2  3  4  5  6  7  8  9 10 11 |
---------------+----------------------------------+-----
Long Blades    | 2 3 4 5 6 7 9 12 14 15 | 15.7
Spellcasting   | 3 4 |  4.1
Fighting       | |  1.7
Throwing       | |  0.8
Armour         | |  0.7
Dodging        | |  1.5
Translocations | |  3.0

Action                     |  1- 3 |  4- 6 |  7- 9 | 10-12 || total
---------------------------+-------+-------+-------+-------++-------
  Melee: Falchion          |    35 |       |       |       ||    35
         Dagger            |    84 |   124 |       |       ||   208
         Bite              |    35 |    61 |    84 |   107 ||   287
         Punch             |       |     3 |     6 |     5 ||    14
         Short sword       |       |    83 |       |       ||    83
         Long sword        |       |    14 |   283 |    22 ||   319
         Scimitar          |       |       |       |   340 ||   340
   Fire: Sling             |       |    16 |     4 |       ||    20
   Cast: Blink             |       |       |     1 |       ||     1
Ability: Lunge             |       |     5 |     8 |       ||    13
         Whirlwind         |       |       |    12 |    43 ||    55
         Wall Jump         |       |       |       |     3 ||     3
    Use: Scroll            |       |       |     1 |     9 ||    10
   Stab: Sleeping          |     1 |     2 |       |     2 ||     5
 Armour: Leather armour    |    41 |    60 |    60 |   117 ||   278
  Dodge: Dodged            |    78 |    88 |   164 |   187 ||   517

Table legend: (Time is in decaauts)
 A = Elapsed time spent in this place.
 B = Non-inter-level travel time spent in this place.
 C = Inter-level travel time spent in this place.
 D = Time resting spent in this place.
 E = Time spent auto-exploring this place.
 F = Levels seen in this place.
 G = Mean time per level.
                   A        B        C        D        E       F      G
               +--------+--------+--------+--------+--------+-----+--------+
         Total |   9814 |   9074 |    740 |    163 |   6838 |  13 |  754.9 |
       Dungeon |   9486 |   8759 |    727 |    163 |   6672 |  11 |  862.4 |
        Temple |    132 |    119 |     13 |      0 |     99 |   1 |  132.0 |
       Ossuary |    195 |    195 |      0 |      0 |     67 |   1 |  195.0 |
               +--------+--------+--------+--------+--------+-----+--------+

Top non-repeatable levels by time:
     D:7: 1462 daAuts
     D:6: 1217 daAuts
     D:5: 954 daAuts
     D:8: 951 daAuts
     D:1: 914 daAuts
     D:3: 870 daAuts
    D:10: 836 daAuts
     D:2: 774 daAuts
     D:9: 751 daAuts
     D:4: 627 daAuts
 Ossuary: 195 daAuts
  Temple: 132 daAuts
    D:11: 124 daAuts
